 Dungeon Crawl Stone Soup version 0.29.1-12-g30fa7ad0bf (webtiles) character file.

Game seed: 9384519311555128821

7 shoemetal68 the Trooper (level 1, -6/20 HPs)
             Began as a Minotaur Abyssal Knight on Dec 17, 2022.
             Was a Follower of Lugonu.
             Mangled by a kobold
             ... wielding a +0 short sword of electrocution
              (19 damage)
             ... on level 1 of the Dungeon.
             The game lasted 00:03:54 (306 turns).

shoemetal68 the Trooper (Minotaur Abyssal Knight)    Turns: 306, Time: 00:03:55

Health: -6/20      AC:  8    Str: 17    XL:     1   Next: 83%
Magic:  1/1        EV:  7    Int:  7    God:    Lugonu [*.....]
Gold:   29         SH:  0    Dex: 10    Spells: 0/0 levels left

rFire   . . .      SeeInvis .   a - +1 spear
rCold   . . .      Faith    .   (no shield)
rNeg    . . .      Spirit   .   e - +0 chain mail
rPois   .          Reflect  .   (helmet restricted)
rElec   .          Harm     .   (no cloak)
rCorr   .          Rampage  .   (no gloves)
Will    .....                   (no boots)
Stlth   ..........              (no amulet)
HPRegen 0.06/turn               (no ring)
MPRegen 0.07/turn               (no ring)

@: no status effects
A: horns 2, retaliatory headbutt
a: Renounce Religion, Depart the Abyss


You were on level 1 of the Dungeon.
You worshipped Lugonu.
Lugonu was aware of your devotion.
You visited 1 branch of the dungeon, and saw 1 of its levels.
You visited the Abyss 1 time.

You collected 29 gold pieces.

Inventory:

Hand Weapons
 a - a +1 spear (weapon)
Armour
 b - a +0 leather armour
 e - a +0 chain mail (worn)
Scrolls
 c - a scroll of identify {unknown}
 f - a scroll of poison {unknown}
Potions
 d - a potion of flight (quivered) {unknown}


   Skills:
 + Level 4.0 Fighting
 + Level 2.5 Polearms
 + Level 2.7 Armour
 + Level 1.1 Dodging
 + Level 1.8 Invocations


You couldn't memorise any spells.
You didn't know any spells.
Your spell library was empty.

Dungeon Overview and Level Annotations

Branches:
Dungeon (1/15)

Altars:


Innate Abilities, Weirdness & Mutations

You have a pair of horns on your head.
You reflexively headbutt those who attack you in melee.


Message History

A bat comes into view.
The bat hits you but does no damage. The bat barely misses you.
The bat hits you but does no damage. The bat hits you but does no damage.
The bat attacks as you move away! The bat completely misses you.
You furiously retaliate!
You headbutt the bat, but do no damage. The bat hits you but does no damage.
The bat barely misses you. You furiously retaliate!
You headbutt the bat.
You kill the bat!
Lugonu accepts your kill.
You see here a bat corpse.
A kobold comes into view. It is wielding a +0 whip.
The kobold shouts!
The kobold moves out of view.
The kobold throws a stone.
The stone hits you but does no damage.
You barely miss the kobold. The kobold misses you.
You barely miss the kobold. You headbutt the kobold.
The kobold is heavily wounded.
The kobold closely misses you.
You hit the kobold.
The kobold is severely wounded.
The kobold hits you but does no damage.
You hit the kobold.
You kill the kobold!
Lugonu accepts your kill.
Your Fighting skill increases to level 4!
Things that are here:
a +0 whip; 5 stones A kobold comes into view.
It is wielding a +0 short sword of electrocution.
The kobold shouts!
The kobold moves out of view.
A dart slug comes into view.
The dart slug launches a dart at you. The slug dart hits you.
A rat comes into view.
The kobold hits you with a +0 short sword of electrocution.
The kobold hits you but does no damage.
You are electrocuted!!
Ouch! That really hurt!
You die...

##### ##...#
....# #...#
#...# # ##...#
.r.
#....####.....
#...@..w.....
#...K###.....
#......# ...
##.###.... .
#.# #..# #.##
#..# #..# ###
.... ##.##
..........
#.)#


You could see a dart slug, a kobold and a rat.

Vanquished Creatures
  A ball python (D:1)
  A bat (D:1)
  A goblin (D:1)
  A kobold (D:1)
  2 rats (D:1)
6 creatures vanquished.

Vanquished Creatures (others)
  2 plants (D:1)
  5 withered plants (D:1)
7 creatures vanquished.

Grand Total: 13 creatures vanquished

Notes
Turn   | Place    | Note
-------+----------+-------------------------------------------
     0 | Abyss:1  | shoemetal68 the Minotaur Abyssal Knight began the quest for
                  | the Orb.
     0 | Abyss:1  | Reached XP level 1. HP: 19/19 MP: 1/1
     6 | Abyss:1  | Found a corrupted altar of Lugonu.
    71 | Abyss:1  | Noticed a hellwing
    74 | D:1      | Escaped the Abyss
   151 | D:1      | Found a faded altar of an unknown god.
   292 | D:1      | Reached skill level 4 in Fighting
   306 | D:1      | Mangled by a kobold

Illustrated notes

Levels and vault maps discovered:
D:1:      eino_arrival_water_cross, layout_rooms,
          ebering_ecumenical_altar_petrified, serial_bayou_lagoon_a,
          grunt_decor_resistance

Skill      XL: |  1 |
---------------+----+-----
Fighting       | 4 |  4.0
Polearms       | |  2.5
Armour         | |  2.7
Dodging        | |  1.1
Invocations    | |  1.8

Action                   || total
-------------------------++-------
Melee: Spear             ||    32
       Headbutt          ||     9
Invok: Depart the Abyss  ||     1
  Use: Potion            ||     1
Armor: Chain mail        ||     8
       Leather armour    ||     1
Dodge: Dodged            ||     8
